Map: Deathaura LE

Players

MOISTLING - Winner!

  • Race: Zerg Zerg
  • League: Gold
  • Spawn Location: 11:00

A.I. 1 (Very Easy)

  • Race: Protoss Protoss
  • Spawn Location: 5:00

VOD

Have the link to the VOD?

Description

Time

  • Played on: Aug. 13, 2020, 7:59 a.m.
  • Length: 10:19
Show
View Real Time Build Order
Export as new Build Order

MOISTLING Zerg - Winner!

Build Orders: Hatch First 

Get SALT Encoding   

  12  0:03  Drone  
  13  0:12  Overlord  
  13  0:19  Drone  
  14  0:31  Drone x2  
  16  0:50  Hatchery  
  16  0:53  Drone  
  16  0:58  Extractor  
  16  1:00  Drone  
  16  1:03  Drone  
  17  1:11  Drone  
  18  1:20  Spawning Pool  
  17  1:27  Drone  
  17  1:29  Overlord  
  18  1:39  Drone  
  19  1:50  Drone  
  20  2:07  Queen  
  20  2:08  Queen  
  24  2:09  Zergling x4  
  24  2:12  Drone  
  24  2:15  Drone  
  28  2:22  Drone  
  29  2:24  Drone  
  30  2:38  Drone  
  30  2:40  Drone  
  30  2:42  Hatchery  
  30  2:43  Drone  
  32  2:46  Drone  
  33  2:54  Overlord  
  33  2:56  Drone  
  34  3:04  Lair  
  34  3:08  Drone x2  
  36  3:25  Zergling x2  
  36  3:26  Zergling x2  
  38  3:27  Overlord  
  38  3:29  Drone x3  
  41  3:35  Metabolic Boost  
  41  3:37  Extractor  
  40  3:46  Roach Warren, Drone  
  40  3:47  Drone x3  
  43  3:49  Extractor  
  43  3:50  Drone  
  43  4:03  Drone  
  43  4:04  Drone x3  
  47  4:12  Hydralisk Den  
  47  4:15  Drone x5  
  47  4:16  Queen  
  51  4:18  Queen  
  53  4:29  Queen  
  54  4:33  Roach  
  54  4:34  Overlord  
  54  4:35  Overlord  
  55  4:39  Extractor  
  55  4:43  Drone x4  
  58  4:50  Grooved Spines  
  58  4:53  Drone x5  
  63  5:09  Drone x4  
  67  5:21  Hatchery  
  66  5:29  Overlord x2  
  66  5:31  Drone x2  
  66  5:32  Drone x3  
  66  5:33  Drone x2  
  73  5:44  Extractor  
  73  5:48  Extractor  
  71  5:50  Hydralisk  
  71  5:51  Hydralisk x3  
  71  5:52  Drone  
  71  5:53  Drone  
  71  5:56  Glial Reconstitution  
  81  6:00  Drone x3  
  81  6:01  Hatchery, Muscular Augments  
  81  6:02  Extractor  
  82  6:10  Infestation Pit  
  81  6:30  Drone x9  
  90  6:50  Hydralisk x3  
  90  6:52  Overlord x3  
  96  6:59  Spore Crawler  
  95  7:10  Queen, Drone x10  
  95  7:11  Spore Crawler, Drone x5  
  95  7:14  Hydralisk, Spore Crawler  
  95  7:15  Spore Crawler  
  111  7:29  Hydralisk x7  
  119  7:31  Overlord x2  
  125  7:52  Hive  
  125  7:54  Hydralisk x8  
  125  7:57  Overlord x5  
  139  8:02  Extractor  
  139  8:03  Extractor  
  135  8:19  Pneumatized Carapace  
  135  8:20  Hydralisk x6  
  135  8:21  Evolution Chamber, Hydralisk x11  
  135  8:22  Evolution Chamber  
  167  8:35  Drone x9  
  176  8:51  Extractor  
  176  8:55  Hydralisk x3  
  181  9:08  Overlord x5  
  181  9:09  Overlord  
  181  9:29  Hydralisk x9  
  199  9:35  Hatchery, Unknown  
  197  9:39  Unknown  
Show
View Real Time Build Order
Export as new Build Order

A.I. 1 (Very Easy) Protoss 

Build Orders:  

Get SALT Encoding   

  12  0:00  Probe  
  13  0:13  Probe  
  14  0:20  Pylon  
  14  0:37  Assimilator  
  14  0:42  Gateway  
  14  0:45  Pylon  
  14  1:13  Assimilator  
  14  1:23  Probe  
  14  1:24  Zealot  
  14  1:31  Probe  
  17  1:34  Cybernetics Core  
  18  1:41  Probe  
  19  1:53  Probe  
  20  2:00  Warp Gate  
  20  2:02  Probe  
  21  2:10  Probe  
  22  2:41  Stalker  
  24  5:01  Probe  
  24  7:01  Probe  
  24  7:06  Adept  
  24  7:07  Pylon  
  27  7:09  Probe  
  27  7:10  Robotics Facility  
  27  7:11  Nexus  
  28  7:18  Probe  
  29  7:26  Probe  
  30  7:57  Observer  
  31  8:13  Observer, Zealot  
  30  8:24  Probe  
  31  8:29  Probe  
  31  8:31  Assimilator  
  31  8:33  Assimilator  
  32  8:38  Probe  
  33  8:41  Probe  
  30  8:52  Probe  
  31  8:59  Probe  
  32  9:05  Immortal  
  32  9:06  Probe  
  36  9:14  Probe  
  36  9:16  Pylon  
  37  9:18  Probe  
  38  9:26  Probe  
  39  9:31  Probe  
  39  9:49  Probe  
  39  9:52  Pylon  
Tags
 
League
Gold
Matchup
PvZ
Spawn Locations
Cross Positions
Add a new tag
Caveats
  • Supply blocks, unpowered buildings, or Contaminate may cause inaccurate times.
  • Supply counts are checked every 10 seconds.